 Dungeon Crawl Stone Soup version 0.30-a0-263-ge22c4ad894 (webtiles) character file.

Game seed: 6527451102118766806

8 koil the Magician (level 2, -2/21 HPs)
             Began as a Djinni Necromancer on Oct 13, 2022.
             Slain by a ball python (3 damage)
             ... on level 1 of the Dungeon.
             The game lasted 00:01:49 (274 turns).

koil the Magician (Djinni Necromancer)               Turns: 274, Time: 00:01:50

Health: -2/21      AC:  2    Str:  7    XL:     2   Next: 15%
Gold:   22         EV:  9    Int: 16    God:
                   SH:  0    Dex: 13

rFire   + + .      SeeInvis .    c - +0 dagger
rCold   x . .      Faith    .    (no shield)
rNeg    . . .      Spirit   .    a - +0 robe
rPois   ∞          Reflect  .    (no helmet)
rElec   .          Harm     .    (no cloak)
rCorr   .          Rampage  .    (no gloves)
Will    .....                    (boots unavailable)
Stlth   ++........               (no amulet)
HPRegen 0.23/turn                (no ring)
MPRegen 0.00/turn                (no ring)

@: flying, constricted
A: sickness immunity, fire resistance 2, cold vulnerability 1, float, innate
caster, HP casting, extra vitality 1
a: no special abilities


You were on level 1 of the Dungeon.
You visited 1 branch of the dungeon, and saw 1 of its levels.

You collected 22 gold pieces.

Inventory:

Hand Weapons
 c - a +0 dagger (weapon)
Missiles
 e - 5 poisoned darts
Armour
 a - a +0 robe (worn)
Scrolls
 b - a scroll of enchant weapon {unknown}
 d - a scroll of noise {unknown}


   Skills:
 + Level 0.2 Fighting
 + Level 0.2 Short Blades
 + Level 2.4 Dodging
 + Level 1.8 Stealth
 + Level 3.3 Spellcasting


You couldn't memorise any spells.
You knew the following spells:

 Your Spells              Type           Power      Damage    Failure   Level
a - Necrotise             Necr           52%        1d6       4%          1
b - Vampiric Draining     Necr           13%        2d6       14%         3
c - Animate Dead          Necr           13%        N/A       41%         4
d - Agony                 Necr           13%        N/A       77%         5
Your spell library was empty.

Dungeon Overview and Level Annotations

Branches:
Dungeon (1/15)

Altars:


Innate Abilities, Weirdness & Mutations

You are immune to sickness and miasma.
You are immune to poison.
Your flesh is very heat resistant. (rF++)
You are vulnerable to cold. (rC-)
You float through the air rather than walking.
You learn spells naturally, not from books.
Your magical power is your life essence.
You have superior vitality. (+4 MHP)


Message History

The goblin hits you with a +0 club. The ball python bites you.
The ball python misses you.
You hit the goblin but do no damage.
The goblin is almost dead.
The ball python closely misses you. The ball python grabs you.
The ball python constricts you. The goblin hits you with a +0 club.
You barely miss the goblin.
The goblin is almost dead.
The ball python bites you but does no damage.
The ball python constricts you. The goblin hits you with a +0 club.
You escape the ball python's grasp.
The ball python misses you. The ball python barely misses you.
The goblin hits you with a +0 club. The ball python bites you.
* * * LOW HITPOINT WARNING * * *
The ball python grabs you. The ball python constricts you.
You escape the ball python's grasp.
The ball python attacks as you move away!
The ball python bites you.
* * * LOW HITPOINT WARNING * * *
The ball python barely misses you. The goblin attacks as you move away!
The goblin closely misses you.
Casting: Necrotise (safe; 4% risk of failure)
Confirm with . or Enter, or press ? or * to list all spells.
Aiming: Necrotise (safe; 4% risk of failure)
Press: ? - help, Shift-Dir - straight line, f/p - goblin
Aim: a goblin, wielding a +0 club (severely wounded, chance to affect: 83%)
The goblin writhes in agony.
You kill the goblin!
* * * LOW HITPOINT WARNING * * *
The dead are walking!
The ball python bites you.
* * * LOW HITPOINT WARNING * * *
The ball python grabs you. The ball python constricts you.
Casting: Necrotise (safe; 4% risk of failure)
Confirm with . or Enter, or press ? or * to list all spells.
You don't have enough health to cast this spell.
Unknown command.
You hit the ball python.
The ball python is moderately wounded.
The ball python bites you.
You die...

##...#...## #####
##.........## ...#
#...........#
#.#####...........#
#......†..........#
###..#####.........##
#...#######...#...##
###.......#.#######
#........@S....#
###.......##)....#
###............Z...#
#...........##.....#
#.#.........##.....#
#.#.#.......####.###
..#.....##### ..#
.###.....# ... ..
#.....## ##.


You could see a ball python (ally target) and a friendly goblin skeleton.

Vanquished Creatures
  A dart slug (D:1)
  A ball python (D:1)
  2 goblins (D:1)
  A bat (D:1)
  A frilled lizard (D:1)
6 creatures vanquished.

Notes
Turn   | Place    | Note
-------+----------+-------------------------------------------
     0 | D:1      | koil the Djinni Necromancer began the quest for the Orb.
     0 | D:1      | koil set off with the following spells memorised:
                  | Necrotise, Vampiric Draining, Animate Dead, Agony.
     0 | D:1      | Reached XP level 1. HP: 15/15 MP: 0/0
   196 | D:1      | Reached XP level 2. HP: 18/21 MP: 0/0
   273 | D:1      | HP: 1/21 [ball python (2)]
   274 | D:1      | Slain by a ball python

Illustrated notes

Levels and vault maps discovered:
D:1:      psy_arrival_radial02, layout_rooms, grunt_decor_fettered

Action                   || total
-------------------------++-------
Melee: Unarmed           ||     7
       Dagger            ||    16
 Cast: Necrotise         ||     6
 Stab: Sleeping          ||     1
Armor: Robe              ||     8
Dodge: Dodged            ||    20

Table legend: (Time is in decaauts)
 A = Elapsed time spent in this place.
 B = Non-inter-level travel time spent in this place.
 C = Inter-level travel time spent in this place.
 D = Time resting spent in this place.
 E = Time spent auto-exploring this place.
 F = Levels seen in this place.
 G = Mean time per level.
                   A        B        C        D        E       F      G
               +--------+--------+--------+--------+--------+-----+--------+
         Total |    273 |    273 |      0 |      0 |    199 |   1 |  273.0 |
       Dungeon |    273 |    273 |      0 |      0 |    199 |   1 |  273.0 |
               +--------+--------+--------+--------+--------+-----+--------+

Top non-repeatable levels by time:
     D:1: 273 daAuts
